 Dungeon Crawl Stone Soup version 0.22-a0-307-g2b15929 (webtiles) character file.

3299 b5mith the Basher (level 9, -8/83 HPs)
             Began as a Minotaur Berserker on Apr 1, 2018.
             Was a High Priest of Trog.
             Mangled by a two-headed ogre
             ... wielding a +0 giant spiked club
              (15 damage)
             ... on level 8 of the Dungeon.
             The game lasted 00:18:00 (6179 turns).

b5mith the Basher (Minotaur Berserker)              Turns: 6179, Time: 00:18:00

Health: -8/83      AC: 11    Str: 28    XL:     9   Next: 70%
Magic:  8/8        EV: 12    Int:  4    God:    Trog [*****.]
Gold:   298        SH:  0    Dex: 10    Spells: 8/8 levels left

rFire    . . .     SeeInvis .   a - +0 whip (drain)
rCold    + . .     Gourm    .   (no shield)
rNeg     . . .     Faith    .   g - +0 chain mail
rPois    .         Spirit   .   (helmet restricted)
rElec    .         Reflect  .   (no cloak)
rCorr    .         Harm     .   (no gloves)
MR       .....                  (no boots)
Stlth    ..........             (no amulet)
HPRegen  0.23/turn              k - ring of protection from cold
MPRegen  0.11/turn              C - +3 ring of strength

@: no status effects
A: retaliatory headbutt, horns 2
a: Berserk, Trog's Hand, Brothers in Arms, Renounce Religion


You were on level 8 of the Dungeon.
You worshipped Trog.
Trog was extremely pleased with you.
You were not hungry.

You visited 1 branch of the dungeon, and saw 8 of its levels.

You collected 298 gold pieces.

Inventory:

Hand Weapons
 a - a +0 whip of draining (weapon)
 b - a +0 hunting sling
 q - a +0 mace
Missiles
 d - 120 stones (quivered)
 n - 3 javelins
 v - 33 sling bullets
Armour
 g - a +0 chain mail (worn)
 m - a +0 animal skin
Jewellery
 k - a ring of protection from cold (left hand)
 s - the ring of Atall {rElec rPois rN+ MP-9 Dex+4, unknown}
   (You took it off a wight on level 7 of the Dungeon)

   [ring of positive energy]

   It affects your dexterity (+4).
   It insulates you from electricity.
   It protects you from poison.
   It protects you from negative energy.
   It affects your magic capacity (-9).
 B - an uncursed ring of resist corrosion
 C - a +3 ring of strength (right hand)
Wands
 f - a wand of polymorph (14)
 y - a wand of enslavement (17)
 F - a wand of clouds (5)
 K - a wand of iceblast (20)
Scrolls
 i - a scroll of identify {@r1}
 l - a scroll of noise
 r - a scroll of fear {unknown}
 z - 2 scrolls of remove curse {unknown}
 A - 4 scrolls of enchant weapon
 D - 2 scrolls of teleportation {unknown}
 G - a scroll of amnesia {unknown}
 H - 2 scrolls of immolation {unknown}
Potions
 e - 2 potions of curing {@q1}
 h - 2 potions of degeneration {unknown}
 j - 2 potions of haste {unknown}
 o - 3 potions of heal wounds
 p - a potion of resistance {unknown}
 t - a potion of flight {unknown}
 u - a potion of cancellation {unknown}
 w - 2 potions of lignification {unknown}
 E - 3 potions of ambrosia
 I - a potion of agility {unknown}
 J - a potion of mutation {unknown}
 L - a potion of brilliance {unknown}
 M - a potion of might {unknown}
Comestibles
 c - 17 rations


   Skills:
 + Level 9.0 Fighting
 + Level 9.0 Maces & Flails
 + Level 8.6 Armour
 + Level 7.8 Dodging


You had 8 spell levels left.
You didn't know any spells.

Dungeon Overview and Level Annotations

Branches:
Dungeon (8/15)             Temple (0/1) D:5
   Lair: D:8-11

Altars:
Ashenzari
Cheibriados
Dithmenos
Hepliaklqana
Sif Muna
Trog
Vehumet
Yredelemnul

Shops:
D:5 %


Innate Abilities, Weirdness & Mutations

You reflexively headbutt those who attack you in melee.
You have a pair of horns on your head.


Message History

You closely miss the bullfrog zombie.
The bullfrog zombie is lightly damaged.
The bullfrog zombie hits you but does no damage.
The bullfrog zombie hits you.
You open the door.
The bullfrog zombie hits you but does no damage.
There is an open door here.
You recover from your berserk rage.
You barely miss the two-headed ogre.
The two-headed ogre hits you with a giant spiked club!!
The two-headed ogre hits you with a giant club!!
* * * LOW HITPOINT WARNING * * *
You hit the two-headed ogre.
The two-headed ogre is lightly wounded.
You're too hungry.
You eat one of the 18 rations.
That ration really hit the spot!
The two-headed ogre hits you with a giant spiked club!!
* * * LOW HITPOINT WARNING * * *
The two-headed ogre hits you with a giant club!
You die...

#.(...(...# .....(!..# .
.......# #.#+###((...#
.......(...# .#
c....###.#.# #.## #.#
.......#Z..# ... ...
.......##.†# #.# ....
.......@OZ.######.##....
#......##...............
#...... #...............
#...... #...............
....... #......##.######
....... ###.#####.#
.###### #.# #.# #.# #.#
#.# #.#


You could see a two-headed ogre, a centaur (wandering) and a bullfrog zombie.

Vanquished Creatures
  The ghost of octopodefightclub the Basher, a novice DsFi of Uskayaw (D:8)
  The ghost of Shadowrealism the Grave Robber, an amateur DsNe (D:4)
  2 orc warriors
  An ice beast (D:8)
  2 sky beasts
  A phantom (D:5)
  2 centaurs
  3 ogres
  2 big kobolds (D:7)
  2 bullfrogs (D:7)
  A gnoll sergeant (D:6)
  3 scorpions
  4 wights (D:7)
  4 crimson imps
  A centaur zombie (D:8)
  A jelly (D:5)
  2 hounds
  2 orc priests
  A gnoll shaman (D:5)
  2 iguanas
  4 orc wizards
  6 worker ants
  2 killer bee zombies
  A worker ant zombie (D:6)
  11 adders
  12 gnolls
  A howler monkey skeleton (D:4)
  A shadow imp (D:7)
  An ooze (D:5)
  An adder skeleton (D:5)
  4 worms
  7 dart slugs
  2 leopard geckos
  14 orcs
  4 ball pythons
  3 giant cockroaches
  9 goblins
  6 hobgoblins
  4 jackals
  7 quokkas
  6 bats
  4 frilled lizards
  9 kobolds
  A quokka skeleton (D:6)
  7 rats
  A spectral orc (D:2)
166 creatures vanquished.

Notes
Turn   | Place    | Note
-------+----------+-------------------------------------------
     0 | D:1      | b5mith the Minotaur Berserker began the quest for the Orb.
     0 | D:1      | Reached XP level 1. HP: 19/19 MP: 0/0
   197 | D:1      | Reached XP level 2. HP: 24/27 MP: 1/1
   850 | D:1      | Reached ** piety under Trog
   936 | D:2      | Reached XP level 3. HP: 33/33 MP: 2/2
  1044 | D:2      | Reached XP level 4. HP: 34/41 MP: 3/3
  1125 | D:2      | Found a basalt altar of Yredelemnul.
  1655 | D:3      | Found a hazy altar of Hepliaklqana.
  1833 | D:3      | Reached XP level 5. HP: 47/47 MP: 4/4
  2092 | D:3      | You fall through a shaft for 3 floors!
  2118 | D:6      | Noticed a sky beast
  2124 | D:6      | Killed a sky beast
  2124 | D:6      | Reached skill level 5 in Fighting
  2141 | D:6      | Reached skill level 5 in Maces & Flails
  2224 | D:6      | Reached XP level 6. HP: 56/56 MP: 5/5
  2288 | D:6      | Reached *** piety under Trog
  2364 | D:6      | Found a bloodstained altar of Trog.
  2382 | D:6      | Found a shattered altar of Ashenzari.
  2396 | D:6      | Found a deep blue altar of Sif Muna.
  2399 | D:6      | Found a snail-covered altar of Cheibriados.
  2637 | D:5      | Entered Level 5 of the Dungeon
  2661 | D:5      | Reached skill level 5 in Armour
  2661 | D:5      | Reached XP level 7. HP: 62/62 MP: 6/6
  2962 | D:5      | Reached skill level 5 in Dodging
  3224 | D:5      | Found a staircase to the Ecumenical Temple.
  3356 | D:5      | Reached **** piety under Trog
  3356 | D:5      | Reached XP level 8. HP: 61/71 MP: 7/7
  3477 | D:5      | Found Kantef's Food Boutique.
  3742 | D:4      | Noticed Shadowrealism's ghost (amateur DsNe)
  3765 | D:4      | Killed Shadowrealism's ghost
  4391 | D:4      | Found a radiant altar of Vehumet.
  5219 | D:7      | Reached XP level 9. HP: 68/81 MP: 8/8
  5300 | D:7      | Reached ***** piety under Trog
  5313 | D:7      | Got a flickering silver ring
  6075 | D:8      | Found a shadowy altar of Dithmenos.
  6116 | D:8      | Noticed octopodefightclub's ghost (novice DsFi)
  6132 | D:8      | Killed octopodefightclub's ghost
  6163 | D:8      | Noticed a two-headed ogre
  6179 | D:8      | Mangled by a two-headed ogre

Vault maps used:
D:1:      ncdulo_watergridlock
D:2:      yredelemnul_forgotten_temple_becter, first_ration
D:3:      nicolae_overflow_hidden_temple
D:4:      marbit_many_paths, skrybe_limestone_x
D:5:      lemuel_upstairs_altar, minmay_temple_entry_purple_smoke, serial_shops,
          kennysheep_mini
D:6:      grunt_temple_overflow_cloverleaf
D:7:      minmay_checkerbox
D:8:      nicolae_overflow_crystal_walls, grunt_pizzeria

Skill      XL: |  1  2  3  4  5  6  7  8  9 |
---------------+----------------------------+-----
Fighting       | 4 5 6 7 9 |  9.0
Maces & Flails | 4 5 6 7 9 |  9.0
Armour         | 3 4 5 6 7 8 |  8.6
Dodging        | 3 4 5 6 7 |  7.8

Action                   |  1- 3 |  4- 6 |  7- 9 || total
-------------------------+-------+-------+-------++-------
Melee: Mace              |    89 |    11 |       ||   100
       Headbutt          |    12 |    14 |    68 ||    94
       Whip              |       |    66 |   333 ||   399
 Fire: Hunting sling     |     3 |    90 |   103 ||   196
Invok: Berserk           |       |       |     3 ||     3
  Use: Scroll            |       |       |     8 ||     8
  Eat: Chunk             |       |     6 |    12 ||    18
       Ration            |       |       |     1 ||     1
Armor: Chain mail        |    52 |    35 |   132 ||   219
Dodge: Dodged            |    55 |    45 |   139 ||   239

Table legend:
 A = Spawn XP
 B = Non-spawn XP
 C = Spawn XP percentage of total XP
 D = Spawn monster count
 E = Non-spawn monster count
 F = Spawn count percentage of total count
 G = Total turns spent on level
                    A         B        C        D         E        F      G
               +---------+---------+-------+---------+---------+-------+---------
         Total |       0 |    4713 |   0.0 |       0 |     166 |   0.0 |  6179
               +---------+---------+-------+---------+---------+-------+---------
           D:1 |       0 |      40 |   0.0 |       0 |      23 |   0.0 |   933
           D:2 |       0 |     132 |   0.0 |       0 |      29 |   0.0 |   682
           D:3 |       0 |      26 |   0.0 |       0 |       6 |   0.0 |   479
           D:4 |       0 |     460 |   0.0 |       0 |      21 |   0.0 |  1045
           D:5 |       0 |     847 |   0.0 |       0 |      33 |   0.0 |  1078
           D:6 |       0 |     959 |   0.0 |       0 |      22 |   0.0 |   760
           D:7 |       0 |     939 |   0.0 |       0 |      24 |   0.0 |   977
           D:8 |       0 |    1310 |   0.0 |       0 |       8 |   0.0 |   225
               +---------+---------+-------+---------+---------+-------+---------
